 Dungeon Sprint DCSS version 0.20-a0-893-g832831a (webtiles) character file.

9 esc the Ducker (level 2, -8/16 HPs)
             Began as a Spriggan Berserker on Mar 16, 2017.
             Was a Follower of Trog.
             Splashed by an oklob sapling's acid (12 damage)
             ... in the Dungeon (Sprint IV: "Fedhas' Mad Dash").
             The game lasted 00:00:22 (42 turns).

esc the Ducker (Spriggan Berserker)                   Turns: 42, Time: 00:00:22

Health: -8/16      AC:  2    Str: 13    XL:     2   Next: 6%
Magic:  3/3        EV: 20    Int:  8    God:    Trog [*.....]
Gold:   0          SH:  0    Dex: 15    Spells: 1/1 levels left

rFire    . . .     SeeInvis +   a - +0 falchion
rCold    . . .     Gourm    .   b - +0 animal skin
rNeg     . . .     Faith    .   (shield restricted)
rPois    .         Spirit   .   (helmet restricted)
rElec    .         Reflect  .   (no cloak)
rCorr    .         Harm     .   (gloves unavailable)
MR       .....     NoTele   +   (boots unavailable)
Stlth    ++........             (no amulet)
Regen    0.1/turn               (no ring)
MPRegen  0.1/turn               (no ring)

@: exhausted, very quick
A: unfitting armour, see invisible, herbivore 3, speed 3, slow metabolism 2
a: Berserk, Burn Spellbooks, Renounce Religion


You were in the Dungeon.
You worshipped Trog.
Trog was aware of your devotion.
You were not hungry.

You visited 1 branch

Inventory:

Hand Weapons
 a - a +0 falchion (weapon)
Armour
 b - a +0 animal skin (worn)
Scrolls
 i - a scroll of blinking {!r}
Potions
 d - a potion of curing
 e - a potion of heal wounds
 f - a potion of haste
 g - 2 potions of magic
 h - a potion of berserk rage {!q}
 j - a potion of lignification {unknown}
Comestibles
 c - a bread ration {@e1}


   Skills:
 + Level 2.9 Fighting
 + Level 3.0 Long Blades
 + Level 5.3 Dodging
 + Level 2.7 Stealth


You had one spell level left.
You didn't know any spells.

Dungeon Overview and Level Annotations

Branches:
Dungeon (1/1)

Altars:

Annotations:
D exclusion: oklob sapling


Innate Abilities, Weirdness & Mutations

You are very small and have problems with some larger weapons.
You are too small for most types of armour.
You have supernaturally acute eyesight. (SInv)
You are a herbivore.
You cover ground extremely quickly.
You need consume almost no food.


Message History

Welcome, esc the Spriggan Berserker.
Trog says: Kill them all!
Found a staircase leading out of the dungeon.
You open the door.
A rat and a river rat come into view.
The rat twitches its whiskers.
A red film seems to cover your vision as you go berserk!
You feel yourself moving faster!
You feel mighty!
You feel a lot more hungry.
You now have 16/16 hp.
You barely miss the river rat. The river rat closely misses you.
You hit the river rat. You closely miss the river rat.
The river rat barely misses you.
You slash the river rat!
You kill the river rat!
Trog accepts your kill.
Your Long Blades skill increases to level 3!
Your Dodging skill increases to level 5!
Your Stealth skill gained 2 levels and is now at level 2!
You have reached level 2!
Health restored: 24; MP restored: 3 You slash the rat!
You kill the rat!
Trog accepts your kill.
No target in view!
There is an open door, spattered with blood here.
You feel a strong urge to attack something.
You are no longer berserk.
You are exhausted.
You feel yourself slow down.
j - a murky brown potion You now have 16/16 hp.
You start waiting.
You feel yourself speed up.
You open the door.
An oklob sapling comes into view.
The oklob sapling spits acid at you. The splash of acid hits you!
Ouch! That really hurt!
* * * LOW HITPOINT WARNING * * *
You are splashed with acid!
The acid burns!
Ouch! That really hurt!
You die...

############ #####
#<..P#.....#.$$$$#
#PP..'....@'.#
#PPPP#.....#P#
############ #


You could see an oklob sapling.

Vanquished Creatures
  A river rat (D)
  A rat (D)
2 creatures vanquished.

Notes
Turn   | Place    | Note
-------+----------+-------------------------------------------
     0 | D        | esc the Spriggan Berserker began the quest for the Orb.
     0 | D        | Reached XP level 1. HP: 11/11 MP: 2/2
    10 | D        | Reached skill level 3 in Long Blades
    10 | D        | Reached skill level 5 in Dodging
    10 | D        | Reached skill level 2 in Stealth
    10 | D        | Reached XP level 2. HP: 16/16 MP: 3/3
    42 | D        | Noticed an oklob sapling
    42 | D        | HP: 4/16 [oklob sapling/splash of acid (12)]
    42 | D        | Splashed by an oklob sapling's acid

Vault maps used:
D:        dungeon_sprint_fedhas

Skill      XL: |  1 |
---------------+----+-----
Long Blades    | 3 |  3.0
Dodging        | 5 |  5.3
Stealth        | 2 |  2.7
Fighting       | |  2.9

Action                   || total
-------------------------++-------
Melee: Falchion          ||     5
Invok: Berserk           ||     1
Dodge: Dodged            ||     2

Vault maps used:
D:        dungeon_sprint_fedhas

Table legend:
 A = Turns spent in this place as a percentage of turns spent in the entire game.
 B = Non-inter-level travel turns spent in this place as a percentage of non-inter-level travel turns spent in the entire game.
 C = Inter-level travel turns spent in this place as a percentage of turns spent in this place.
 D = Turns resting spent in this place as a percentage of non-inter-level travel turns spent in this place.
 E = Turns spent auto-exploring this place as a percentage of non-inter-level travel turns spent in this place.
 F = Non-inter-level travel turns spent in this place divided by the number of levels of this place that you've seen.
                   A       B       C       D       E      F
               +-------+-------+-------+-------+-------+----------------------
         Total | 100.0 | 100.0 |   0.0 |   4.5 |   0.0 |  22.0
       Dungeon | 100.0 | 100.0 |   0.0 |   4.5 |   0.0 |  22.0
               +-------+-------+-------+-------+-------+----------------------

Table legend:
 A = Kills in this place as a percentage of kills in entire the game.
 B = Kills by you in this place as a percentage of kills by you in the entire game.
 C = Kills by friends in this place as a percentage of kills by friends in the entire game.
 D = Other kills in this place as a percentage of other kills in the entire game.
 E = Experience gained in this place as a percentage of experience gained in the entire game.
 F = Experience gained in this place divided by the number of levels of this place that you have seen.
                   A       B       C       D       E      F
               +-------+-------+-------+-------+-------+----------------------
         Total | 100.0 | 100.0 |  -nan |  -nan | 100.0 |  14.0
       Dungeon | 100.0 | 100.0 |  -nan |  -nan | 100.0 |  14.0
               +-------+-------+-------+-------+-------+----------------------
